 Dungeon Crawl Stone Soup version 0.29-a0-577-gafbf2c5d25 (webtiles) character file.

Game seed: 17058067308836300640

75 testman the Skirmisher (level 4, -3/40 HPs)
             Began as a Meteoran Fighter on June 13, 2022.
             Slain by a black bear (4 damage)
             ... on level 3 of the Dungeon.
             The game lasted 00:02:17 (688 turns).

testman the Skirmisher (Meteoran Fighter)            Turns: 688, Time: 00:02:18

Health: -3/40      AC:  9    Str: 19    XL:     4   Next: 86%
Magic:  5/5        EV:  9    Int: 10    God:
Gold:   66         SH:  5    Dex: 13    Spells: 3/3 levels left

rFire   . . .      SeeInvis .   a - +0 war axe
rCold   . . .      Faith    .   c - +0 buckler
rNeg    . . .      Spirit   .   b - +0 scale mail
rPois   .          Reflect  .   (no helmet)
rElec   .          Harm     .   h - +1 cloak
rCorr   .          Rampage  .   (no gloves)
Will    .....                   (no boots)
Stlth   ..........              (no amulet)
HPRegen 0.13/turn               (no ring)
MPRegen 0.09/turn               (no ring)

@: mighty, glowing
A: sense surroundings 1, otherworldly, glowing, explore regen
a: no special abilities


You were on level 3 of the Dungeon.
You visited 1 branch of the dungeon, and saw 3 of its levels.

You collected 66 gold pieces.

Inventory:

Hand Weapons
 a - a +0 war axe (weapon)
Armour
 b - a +0 scale mail (worn)
 c - a +0 buckler (worn)
 h - a +1 cloak (worn)
Scrolls
 e - a scroll of noise {unknown}
 g - a scroll of magic mapping {unknown}
 k - a scroll of teleportation {unknown}
Potions
 f - a potion of attraction {unknown}
 i - a potion of mutation {unknown}
 j - a potion of heal wounds {unknown}


   Skills:
 + Level 4.2 Fighting
 + Level 3.9 Axes
 - Level 4.0 Armour
 - Level 4.0 Shields


You had 3 spell levels left.
You didn't know any spells.
Your spell library contained the following spells:

 Spells                   Type           Power      Damage    Failure   Level
 Poisonous Vapours        Pois/Air       0%         N/A       91%         2
 Corpse Rot               Necr/Pois/Air  0%         N/A       100%        4


Dungeon Overview and Level Annotations

Branches:
Dungeon (3/15)

Altars:

Shops:
D:1 *


Innate Abilities, Weirdness & Mutations

You passively map a small area around you.
You are easily found by Zot.
You glow in the dark.
You regain HP and MP as you explore.


Message History

You slash Terence!
Terence is severely wounded.
Terence drinks a potion.
Terence is healed!
You slash Terence!
Terence is severely wounded.
Terence closely misses you. Terence hits you with a +0 flail.
You closely miss Terence.
Terence is severely wounded.
Terence hits you with a +0 flail.
You barely miss Terence.
Terence is severely wounded.
You block Terence's attack.
You slice Terence!!
You kill Terence!
You block the black bear's attack. The black bear claws you.
* * * LOW HITPOINT WARNING * * *
The black bear claws you but does no damage.
You barely miss the black bear. You block the black bear's attack. x2
The black bear claws you but does no damage.
You slash the black bear!
The black bear is heavily wounded.
The black bear bites you.
* * * LOW HITPOINT WARNING * * *
You block the black bear's attack. x2; The black bear barely misses you.
The black bear claws you.
* * * LOW HITPOINT WARNING * * *
The black bear completely misses you.
You slash the black bear!
The black bear is almost dead.
The black bear bites you.
* * * LOW HITPOINT WARNING * * *
The black bear claws you but does no damage.
You block the black bear's attack.
You hit the black bear.
The black bear is almost dead.
The black bear goes berserk!
You barely miss the black bear.
The black bear is almost dead.
The black bear bites you.
You die...

......##.....# * * ,
.#!##,*#.....# * , *
, #.....# * *
*#.....# * * *
##...## , ,*#.....###
* #.......# *
######)....#h# *,
...........##@####...
##########...........
* ####.###.... *
####...## ,.. ,
##.......# *
#...#...##, ,
#.).##.## ....
#...#### ..... , ,
#...#### ....#


You could see a black bear (berserk).

Vanquished Creatures
  Terence (D:3)
  2 adders (D:2)
  A ball python (D:1)
  4 endoplasms
  A giant cockroach (D:3)
  3 goblins
  4 hobgoblins (D:1)
  3 jackals (D:1)
  A quokka (D:1)
  5 bats
  5 frilled lizards
  2 rats
32 creatures vanquished.

Notes
Turn   | Place    | Note
-------+----------+-------------------------------------------
     0 | D:1      | testman the Meteoran Fighter began the quest for the Orb.
     0 | D:1      | Reached XP level 1. HP: 19/19 MP: 2/2
    56 | D:1      | Reached XP level 2. HP: 25/26 MP: 3/3
   207 | D:1      | Found Nipiut's Assorted Antiques.
   222 | D:1      | Reached XP level 3. HP: 27/31 MP: 4/4
   562 | D:2      | Reached XP level 4. HP: 39/40 MP: 5/5
   663 | D:3      | Noticed Terence
   663 | D:3      | Noticed a black bear
   683 | D:3      | Killed Terence
   686 | D:3      | HP: 1/40 [black bear (5)]
   688 | D:3      | Slain by a black bear

Illustrated notes

Levels and vault maps discovered:
D:1:      dpeg_arrival_boxes_within_box, layout_rooms, serial_shops, shop
D:2:      layout_basic, nicolae_ecumenical_snake_handling
D:3:      layout_loops_cross, uniq_terence

Skill      XL: |  1  2  3  4 |
---------------+-------------+-----
Armour         | 4 |  4.0
Axes           | 3 |  3.9
Shields        | 4 |  4.0
Fighting       | 4 |  4.2

Action                   |  1- 3 |  4- 6 || total
-------------------------+-------+-------++-------
Melee: War axe           |    60 |    30 ||    90
  Use: Potion            |       |     1 ||     1
Armor: Scale mail        |    34 |    12 ||    46
Dodge: Dodged            |    18 |    13 ||    31
Block: Buckler           |    19 |    17 ||    36

Table legend: (Time is in decaauts)
 A = Elapsed time spent in this place.
 B = Non-inter-level travel time spent in this place.
 C = Inter-level travel time spent in this place.
 D = Time resting spent in this place.
 E = Time spent auto-exploring this place.
 F = Levels seen in this place.
 G = Mean time per level.
                   A        B        C        D        E       F      G
               +--------+--------+--------+--------+--------+-----+--------+
         Total |    722 |    702 |     20 |      0 |    414 |   3 |  240.7 |
       Dungeon |    722 |    702 |     20 |      0 |    414 |   3 |  240.7 |
               +--------+--------+--------+--------+--------+-----+--------+

Top non-repeatable levels by time:
     D:2: 317 daAuts
     D:1: 283 daAuts
     D:3: 121 daAuts
